 Dungeon Crawl Stone Soup version 0.29.0 (webtiles) character file.

Game seed: 11818265780459325463

4 NinjaNoafa the Vexing (level 1, -2/7 HPs)
             Began as a Felid Enchanter on Aug 24, 2022.
             Slain by a quokka (5 damage)
             ... on level 1 of the Dungeon.
             The game lasted 00:00:43 (186 turns).

NinjaNoafa the Vexing (Felid Enchanter)              Turns: 186, Time: 00:00:43

Health: -2/7       AC:  1    Str:  4    XL:     1   Next: 58%
Magic:  4/4        EV: 17    Int: 16    God:
Gold:   0          SH:  0    Dex: 16    Spells: 4/4 levels left
                                        Lives:  0   Deaths: 0

rFire   . . .      SeeInvis +     - Unarmed
rCold   . . .      Faith    .   (shield unavailable)
rNeg    . . .      Spirit   .   (body armour unavailable)
rPois   .          Reflect  .   (helmet unavailable)
rElec   .          Harm     .   (cloak unavailable)
rCorr   .          Rampage  .   (gloves unavailable)
Will    .....                   (boots unavailable)
Stlth   +++.......              (no amulet)
HPRegen 0.02/turn               (no ring)
MPRegen 0.09/turn               (no ring)

@: quick
A: very small, claws 1, fangs 3, see invisible, speed 1, shaggy fur 1, stealthy
paws, no weapons or thrown items, no armour, multi-lived
a: no special abilities


You were on level 1 of the Dungeon.
You visited 1 branch of the dungeon, and saw 1 of its levels.

Inventory:

Potions
 a - 2 potions of invisibility


   Skills:
 - Level 2.6 Dodging
 - Level 4.0 Stealth
 - Level 1.0 Unarmed Combat
 * Level 2.2 Spellcasting
 + Level 4.5 Hexes


You had 4 spell levels left.
You didn't know any spells.
Your spell library contained the following spells:

 Spells                   Type           Power      Damage    Failure   Level
 Confusing Touch          Hex            16%        N/A       10%         3
 Tukima's Dance           Hex            16%        N/A       10%         3
 Ensorcelled Hibernation  Hex/Ice        18%        N/A       12%         2
 Dazzling Flash           Conj/Hex       18%        N/A       24%         3


Dungeon Overview and Level Annotations

Branches:
Dungeon (1/15)

Altars:


Innate Abilities, Weirdness & Mutations

You have sharp claws.
You have razor-sharp teeth.
You have supernaturally acute eyesight. (SInv)
You cover ground quickly. (Speed+)
You are covered in fur. (AC +1)
Your paws help you pounce on unaware monsters.
You are incapable of wielding weapons or throwing items.
You cannot wear armour.
You gain extra lives every three experience levels.


Message History

The bat completely misses you. The bat misses you.
You scratch the dart slug.
The dart slug is lightly wounded.
The bat misses you. The dart slug barely misses you.
You scratch the dart slug.
The dart slug is heavily wounded.
The bat barely misses you.
You scratch the dart slug but do no damage.
You bite the dart slug, but do no damage.
The dart slug is heavily wounded.
The bat barely misses you. The dart slug completely misses you.
You scratch the dart slug. Your bite misses the dart slug.
The dart slug is almost dead.
The bat hits you. The dart slug launches a dart at you.
The slug dart misses you.
The slug dart hits the bat.
The bat dies!
You scratch the dart slug but do no damage.
The dart slug is almost dead.
The dart slug launches a dart at you. The slug dart misses you.
You scratch the dart slug.
You kill the dart slug!
You see here a dart slug corpse.
Found 10 gold pieces.
Found a club.
You see here 10 gold pieces.
Okay, then.
Found a leather armour.
You see here a +0 club.
You see here a +0 club.
You scratch the quokka but do no damage.
The quokka bites you.
You scratch the quokka but do no damage.
The quokka bites you.
You scratch the quokka.
The quokka is severely wounded.
The quokka bites you.
Ouch! That really hurt!
You die...

...>.###.#
######
#.#####
#.r...#
#####.#
#.# #r#
#.#
#$#####
#..r@.#
#####.#
#........
#....####
#.#...[
#...####
#.#.. #..
.. ### ###


You could see a quokka.

Vanquished Creatures
  A dart slug (D:1)
  A hobgoblin (D:1)
  A ball python (D:1)
3 creatures vanquished.

Vanquished Creatures (others)
  A bat (D:1)
1 creature vanquished.

Grand Total: 4 creatures vanquished

Notes
Turn   | Place    | Note
-------+----------+-------------------------------------------
     0 | D:1      | NinjaNoafa the Felid Enchanter began the quest for the Orb.
     0 | D:1      | Reached XP level 1. HP: 7/7 MP: 4/4
   186 | D:1      | Slain by a quokka

Illustrated notes

Levels and vault maps discovered:
D:1:      dpeg_arrival_concentric_ovals, layout_basic,
          shapermc_ecumenical_altar_hornbeckon, minmay_misc_feat_more_columns

Action                   || total
-------------------------++-------
Melee: Unarmed           ||    15
       Bite              ||     2
 Stab: Sleeping          ||     1
Dodge: Dodged            ||    13
